 Dungeon Crawl Stone Soup version 0.22-a0-42-g002c468 (webtiles) character file.

264 sagitran the Stinger (level 5, 0/40 HPs)
             Began as a Draconian Venom Mage on Jan 5, 2018.
             Slain by a hippogriff (3 damage)
             ... on level 4 of the Dungeon.
             The game lasted 00:14:57 (3377 turns).

sagitran the Stinger (Draconian Venom Mage)         Turns: 3377, Time: 00:14:58

Health: 0/40       AC:  6    Str: 11    XL:     5   Next: 98%
Magic:  5/9        EV: 12    Int: 16    God:
Gold:   198        SH:  0    Dex: 11    Spells: 4/10 levels left

rFire    . . .     SeeInvis .   f - +1 short sword (venom)
rCold    . . .     Gourm    .   (no shield)
rNeg     . . .     Faith    .   (armour unavailable)
rPois    .         Spirit   .   (helmet restricted)
rElec    .         Reflect  .   (no cloak)
rCorr    .         Harm     .   i - +0 pair of gloves
MR       .....                  (no boots)
Stlth    +.........             (no amulet)
HPRegen  0.13/turn              e - ring of wizardry
MPRegen  0.11/turn              (no ring)

@: confused, flying, very slightly contaminated
A: unfitting armour, cold-blooded, AC +5
a: no special abilities


You were on level 4 of the Dungeon.
You were not hungry.

You visited 1 branch of the dungeon, and saw 4 of its levels.

You collected 198 gold pieces.

Inventory:

Hand Weapons
 f - a +1 short sword of venom (weapon)
 h - a +0 dagger of speed
 o - a +0 spear
 p - a +1 dagger of holy wrath
Armour
 i - a +0 pair of gloves (worn)
Jewellery
 e - a ring of wizardry (left hand)
Scrolls
 c - 2 scrolls of identify {unknown}
 g - 4 scrolls of teleportation {unknown}
 m - a scroll of blinking {unknown}
 q - 2 scrolls of remove curse {unknown}
Potions
 j - a potion of heal wounds {unknown}
 k - a potion of flight
 l - a potion of lignification {unknown}
 n - 2 potions of magic {unknown}
Books
 a - a Young Poisoner's Handbook

   Spells                             Type                      Level
   a - Sting                          Conjuration/Poison           1
   b - Poisonous Vapours              Poison/Air                   2
   c - Mephitic Cloud                 Conjuration/Poison/Air       3
   d - Olgreb's Toxic Radiance        Poison                       4
   e - Venom Bolt                     Conjuration/Poison           5
Comestibles
 b - 8 rations
 d - 6 chunks of flesh


   Skills:
 + Level 1.4 Fighting
 + Level 2.5 Short Blades
 + Level 2.5 Dodging
 + Level 2.7 Stealth
 + Level 3.0 Spellcasting
 + Level 1.5 Conjurations
 + Level 1.0 Air Magic
 + Level 3.7 Poison Magic


You had 4 spell levels left.
You knew the following spells:

 Your Spells              Type           Power        Failure   Level  Hunger
a - Sting                 Conj/Pois      ##..         2%          1    #......
b - Poisonous Vapours     Pois/Air       ##....       4%          2    ##.....
c - Mephitic Cloud        Conj/Pois/Air  #.......     10%         3    ###....


Dungeon Overview and Level Annotations

Branches:
Dungeon (4/15)
 Temple: D:4-7

Altars:
Cheibriados
Gozag
Uskayaw

Annotations:
D:4 Menkaure, Sigmund


Innate Abilities, Weirdness & Mutations

Your plain brown scales are hard. (AC +5)
You cannot fit into any form of body armour.
You are cold-blooded and may be slowed by cold attacks.


Message History

You barely miss the hippogriff.
The hippogriff is moderately wounded.
The hippogriff bites you but does no damage.
The hippogriff pecks you. The hippogriff claws you!
You bump into the stone wall.
The hippogriff bites you. The hippogriff barely misses you.
The hippogriff closely misses you.
You bump into the stone wall.
The orc wizard casts a spell at you.
You are more confused.
The hippogriff bites you!
* * * LOW HITPOINT WARNING * * *
The hippogriff pecks you.
* * * LOW HITPOINT WARNING * * *
The hippogriff barely misses you.
It was a potion of flight.
You feel very buoyant.
You fly up into the air.
The hippogriff barely misses you.
The hippogriff pecks you but does no damage.
The hippogriff claws you.
You die...

#.#### ... #....#
#.# #....##..#
#.......####.
#.............
##.........##.$
#..<...........
##..............
####..####@........
#.....# #H..o.....
#.....# #.........
#.....# #.....####
#.....# #.....#
#.....# #.....#
#.....# #######
#....)# #.....#


You could see a hippogriff and an orc wizard.

Vanquished Creatures
  A scorpion (D:3)
  2 worker ants (D:4)
  Robin (D:3)
  5 adders
  4 gnolls (D:3)
  A worm (D:2)
  A dart slug (D:1)
  A leopard gecko (D:1)
  4 orcs (D:4)
  3 bats
  A giant cockroach (D:2)
  7 hobgoblins
  3 jackals (D:2)
  12 kobolds
  A quokka (D:3)
  6 frilled lizards
  14 goblins
  4 rats
71 creatures vanquished.

Notes
Turn   | Place    | Note
-------+----------+-------------------------------------------
     0 | D:1      | sagitran the Draconian Venom Mage began the quest for the Orb.
     0 | D:1      | Reached XP level 1. HP: 14/14 MP: 3/3
   502 | D:1      | Reached XP level 2. HP: 20/20 MP: 1/5
   699 | D:1      | Learned a level 2 spell: Poisonous Vapours
  1276 | D:2      | Reached XP level 3. HP: 17/26 MP: 3/6
  1292 | D:2      | Learned a level 3 spell: Mephitic Cloud
  1443 | D:2      | Reached skill level 1 in Short Blades
  1563 | D:2      | Reached XP level 4. HP: 34/34 MP: 3/7
  2342 | D:3      | Reached XP level 5. HP: 39/39 MP: 6/9
  2572 | D:3      | Found a snail-covered altar of Cheibriados.
  2667 | D:4      | Found an opulent altar of Gozag.
  2683 | D:4      | Noticed Robin
  2815 | D:3      | Killed Robin
  2841 | D:3      | Reached skill level 1 in Fighting
  2921 | D:4      | Noticed Sigmund
  3171 | D:4      | Reached skill level 1 in Air Magic
  3342 | D:4      | Noticed a hand axe
  3343 | D:4      | Noticed a hand axe
  3347 | D:4      | Found a hide-covered altar of Uskayaw.
  3347 | D:4      | Noticed Menkaure
  3365 | D:4      | Noticed a hippogriff
  3376 | D:4      | HP: 2/40 [hippogriff (2)]
  3377 | D:4      | Slain by a hippogriff

Vault maps used:
D:1:      lightli_arrival_quake
D:2:      supply_closet_lemuel, minivault_11, uniq_natasha
D:3:      cheibriados_altar_1, first_ration
D:4:      nicolae_gozag_seed_capital, dancing_weapons_uskayaw,
          minmay_temple_entry_grid, dk_noncrumbling_3, uniq_sigmund,
          uniq_menkaure, uniq_robin

Skill      XL: |  1  2  3  4  5 |
---------------+----------------+-----
Stealth        | 2 |  2.7
Dodging        | 2 |  2.5
Short Blades   | 1 2 |  2.5
Fighting       | 1 |  1.4
Spellcasting   | 3 |  3.0
Air Magic      | 1 |  1.0
Conjurations   | |  1.5
Poison Magic   | |  3.7

Action                   |  1- 3 |  4- 6 || total
-------------------------+-------+-------++-------
Melee: Dagger            |    79 |   111 ||   190
       Tailslap          |     7 |    11 ||    18
       Unarmed           |     1 |       ||     1
       Short sword       |       |    29 ||    29
 Cast: Sting             |    13 |     8 ||    21
       Poisonous Vapours |    11 |    13 ||    24
  Use: Potion            |       |     2 ||     2
 Stab: Sleeping          |     3 |     3 ||     6
  Eat: Chunk             |     3 |     7 ||    10
Armor: Skin              |    26 |    45 ||    71
Dodge: Dodged            |    46 |    96 ||   142

Table legend:
 A = Spawn XP
 B = Non-spawn XP
 C = Spawn XP percentage of total XP
 D = Spawn monster count
 E = Non-spawn monster count
 F = Spawn count percentage of total count
 G = Total turns spent on level
                    A         B        C        D         E        F      G
               +---------+---------+-------+---------+---------+-------+---------
         Total |       0 |     378 |   0.0 |       0 |      71 |   0.0 |  3377
               +---------+---------+-------+---------+---------+-------+---------
           D:1 |       0 |      33 |   0.0 |       0 |      20 |   0.0 |  1119
           D:2 |       0 |      76 |   0.0 |       0 |      15 |   0.0 |   579
           D:3 |       0 |     180 |   0.0 |       0 |      24 |   0.0 |  1384
           D:4 |       0 |      89 |   0.0 |       0 |      12 |   0.0 |   295
               +---------+---------+-------+---------+---------+-------+---------
